 Dungeon Crawl Stone Soup version 0.31-a0-150-g89dc3ad700 (webtiles) character file.

Game seed: 3468055006457902291

78 qw the Shooter (level 4, -1/28 HPs)
             Began as a Gargoyle Hunter on June 8, 2023.
             Slain by a gnoll
             ... wielding a +0 halberd
              (10 damage)
             ... on level 2 of the Dungeon.
             The game lasted 00:00:32 (943 turns).

qw the Shooter (Gargoyle Hunter)                     Turns: 943, Time: 00:00:33

Health: -1/28      AC:  7    Str: 15    XL:     4   Next: 36%
Magic:  4/4        EV: 16    Int:  9    God:
Gold:   78         SH:  0    Dex: 15    Spells: 3/3 levels left

rFire   . . .        Y - +0 shortbow
rCold   . . .        (shield currently unavailable)
rNeg    + . .        c - +0 leather armour
rPois   inf          (no helmet)
rElec   +            g - +0 cloak
rCorr   .            (no gloves)
SInv    .            (no boots)
Will    .....        k - amulet of the acrobat
Stlth   ++           e - +5 ring of evasion
HPRegen 0.24/turn    (no ring)
MPRegen 0.09/turn

%: acrobat
@: no status effects
A: sickness immunity, AC +3, negative energy resistance 1, electricity
resistance, torment resistance 1, petrification resistance
a: no special abilities


You were on level 2 of the Dungeon.
You visited 1 branch of the dungeon, and saw 2 of its levels.

You collected 78 gold pieces.


Innate Abilities, Weirdness & Mutations

You are immune to sickness and miasma.
Your stone body is resilient. (AC +3)
You are immune to poison.
You resist negative energy. (rN+)
You are resistant to electric shocks. (rElec)
You are resistant to unholy torment.
You are immune to petrification.


   Skills:
 - Level 3.0 Fighting
 + Level 5.4 Ranged Weapons
 - Level 1.5 Dodging
 - Level 1.1 Stealth


You had 3 spell levels left.
You didn't know any spells.
Your spell library was empty.

Inventory:

Hand Weapons
 Y - a +0 shortbow (weapon)
Armour
 c - a +0 leather armour (worn)
 g - a +0 cloak (worn)
Jewellery
 d - a ring of resist corrosion
 e - a +5 ring of evasion (left hand)
 k - an amulet of the acrobat (around neck)
Scrolls
 h - 3 scrolls of identify
Potions
 a - a potion of degeneration {unknown}
 b - a potion of might {unknown}
 f - 2 potions of curing {unknown}
 i - a potion of haste
 l - a potion of attraction {unknown}
 m - 2 potions of ambrosia {unknown}

Dungeon Overview and Level Annotations

Branches:
Dungeon (2/15)

Altars:


Message History

You shoot an arrow.
The arrow hits the gnoll but does no damage.
The gnoll is lightly wounded.
The gnoll barely misses you.
The gnoll hits you from afar with a +0 halberd!
The gnoll hits you but does no damage.
You shoot an arrow. The arrow closely misses the gnoll.
The arrow completely misses the gnoll.
The gnoll barely misses you. The gnoll misses you.
A worm comes into view.
The gnoll hits you with a +0 whip. x2; The gnoll misses you.
You shoot an arrow. The arrow hits the gnoll.
The gnoll is moderately wounded.
The gnoll hits you with a +0 whip. The gnoll completely misses you.
The gnoll closely misses you.
937 ||| DRINKING potion of heal wounds.
You feel much better. The gnoll completely misses you.
The gnoll hits you with a +0 whip.
You shoot an arrow.
The arrow hits the gnoll but does no damage.
The gnoll is moderately wounded.
The gnoll closely misses you.
The gnoll hits you from afar with a +0 halberd.
The gnoll closely misses you.
You shoot an arrow. The arrow hits the gnoll!
You kill the gnoll!
The gnoll hits you from afar with a +0 halberd.
The gnoll hits you with a +0 whip.
You shoot an arrow. The arrow barely misses the gnoll.
The gnoll hits you from afar with a +0 halberd.
The gnoll hits you with a +0 whip.
You shoot an arrow. The arrow hits the gnoll.
The gnoll is lightly wounded.
The gnoll completely misses you. The gnoll hits you with a +0 whip.
You shoot an arrow. The arrow barely misses the gnoll.
The gnoll misses you. x2
You shoot an arrow. The arrow closely misses the gnoll.
The gnoll misses you. The gnoll hits you but does no damage.
The gnoll closely misses you.
The gnoll hits you from afar with a +0 halberd!
You die...

..P.P. #...... ##
....... #.####### ..
....... ........#
#.####.w...[. ........#<
#...%#.g....# ..........
####.#>.....# ........#
####.@g.....# ........#
#.....####...
........####...%.......
.|......#........#####.
......%...........#
...........#......###..
................#.......
##)####...........#.##.#
...####...<.........#


You could see a worm and 2 gnolls.

Vanquished Creatures
  2 gnolls (D:2)
  An adder (D:2)
  2 dart slugs (D:1)
  5 endoplasms
  A giant cockroach (D:1)
  3 goblins
  4 hobgoblins
  7 jackals
  2 quokkas (D:1)
  2 ball pythons (D:1)
  5 bats (D:1)
  3 frilled lizards
  2 kobolds (D:1)
  2 rats (D:1)
41 creatures vanquished.

Notes
Turn   | Place    | Note
-------+----------+-------------------------------------------
     0 | D:1      | qw the Gargoyle Hunter began the quest for the Orb.
     0 | D:1      | Reached XP level 1. HP: 12/12 MP: 1/1
     0 | D:1      | 0 ||| qw: Version: 0.2-a-120-gdf1a93b
     0 | D:1      | 0 ||| qw: Game counter: 3008
     0 | D:1      | 0 ||| qw: Always use a shield: true
     0 | D:1      | 0 ||| qw: God list: Okawaru
     0 | D:1      | 0 ||| qw: Allow faded altars: false
     0 | D:1      | 0 ||| qw: Do Orc after D:15 true
     0 | D:1      | 0 ||| qw: Do second Lair branch before Depths: true
     0 | D:1      | 0 ||| qw: Lair rune preference: random
     0 | D:1      | 0 ||| qw: Plans: Normal
     0 | D:1      | 0 ||| PLANNING D:1-11
    98 | D:1      | Reached XP level 2. HP: 9/17 MP: 2/2
   322 | D:1      | Reached XP level 3. HP: 21/21 MP: 3/3
   476 | D:1      | Reached skill level 5 in Ranged Weapons
   579 | D:1      | Found a faded altar of an unknown god.
   745 | D:1      | 745 ||| UPGRADING to +0 cloak.
   750 | D:1      | 750 ||| UPGRADING to amulet of the acrobat.
   755 | D:1      | 755 ||| UPGRADING to +5 ring of evasion.
   756 | D:1      | 756 ||| READING scroll labelled WIEVEORPHOSYSCH.
   760 | D:1      | 760 ||| READING 4 scrolls labelled HIRODGH YT GIMI.
   761 | D:1      | 761 ||| DRINKING 2 white potions.
   762 | D:1      | 762 ||| READING 3 scrolls of identify.
   762 | D:1      | 762 ||| IDENTIFYING metallic black potion
   763 | D:1      | 763 ||| READING 2 scrolls of identify.
   763 | D:1      | 763 ||| IDENTIFYING coppery potion
   764 | D:1      | 764 ||| DROPPING scroll of butterflies.
   765 | D:1      | 765 ||| DROPPING potion of magic.
   800 | D:2      | Reached skill level 3 in Fighting
   898 | D:2      | Reached XP level 4. HP: 28/28 MP: 4/4
   936 | D:2      | HP: 5/28 [gnoll/+0 whip (4)]
   937 | D:2      | 937 ||| DRINKING potion of heal wounds.
   943 | D:2      | Slain by a gnoll

Levels and vault maps discovered:
D:1:      eino_arrival_cavern_e, layout_basic, hellmonk_ecumenical_altar_zigzags
D:2:      layout_rooms, nicolae_grassy_gnolls

Skill      XL: |  1  2  3 |
---------------+----------+-----
Ranged Weapons | 5 |  5.4
Fighting       | 3 |  3.0
Dodging        | |  1.5
Stealth        | |  1.1

Action                     |  1- 3 |  4- 6 || total
---------------------------+-------+-------++-------
   Fire: Shortbow          |   110 |    25 ||   135
    Use: Scroll            |     4 |       ||     4
         Potion            |     1 |     1 ||     2
 Armour: Leather armour    |    22 |     3 ||    25
  Dodge: Dodged            |    40 |    29 ||    69

Table legend:
 A = Non-vault XP
 B = Vault XP
 C = Vault XP percentage of total XP
 D = Non-vault monster count
 E = Vault monster count
 F = Vault count percentage of total count
                 A         B        C        D         E       F
            +---------+---------+-------+---------+---------+-------
      Total |      84 |      28 |  25.0 |      39 |       2 |   4.9
            +---------+---------+-------+---------+---------+-------
        D:1 |      51 |       0 |   0.0 |      27 |       0 |   0.0
        D:2 |      33 |      28 |  45.9 |      12 |       2 |  14.3
            +---------+---------+-------+---------+---------+-------
